 Dungeon Crawl Stone Soup version 0.32-a0-481-g9ce6b883f8 (webtiles) character file.

Game seed: 18279957219628614251

77 GordonOverkill the Sneak (level 4, -6/24 HPs)
             Began as a Spriggan Delver on Feb 26, 2024.
             Mangled by a water moccasin (8 damage)
             ... on level 5 of the Dungeon.
             The game lasted 00:04:21 (1089 turns).

GordonOverkill the Sneak (Spriggan Delver)          Turns: 1089, Time: 00:04:22

Health: -6/24      AC:  2    Str:  8    XL:     4   Next: 14%
Magic:  5/5        EV: 17    Int: 13    God:
Gold:   62         SH:  0    Dex: 16    Spells: 3/3 levels left

rFire   . . .        a - +0 short sword
rCold   . . .        (no shield)
rNeg    . . .        b - +0 robe
rPois   .            (helmet restricted)
rElec   .            (no cloak)
rCorr   .            (gloves unavailable)
SInv    +            (boots unavailable)
Will    .....        e - amulet of regeneration
Stlth   ++++         (no ring)
HPRegen 1.04/turn    (no ring)
MPRegen 0.09/turn

%: no passive effects
@: lethally poisoned (-6 -> -6), very quick
A: very small, no large weapons, unfitting armour, see invisible, speed 3
a: no special abilities


You were on level 5 of the Dungeon.
You visited 1 branch of the dungeon, and saw 3 of its levels.

You collected 62 gold pieces.

Inventory:

Hand Weapons
 a - a +0 short sword (weapon)
Armour
 b - a +0 robe (worn)
Jewellery
 e - an amulet of regeneration (around neck)
 l - an amulet of reflection
Wands
 g - a wand of digging (1)
Scrolls
 c - a scroll of fog
 h - a scroll of fear
 i - a scroll of enchant weapon {unknown}
 m - a scroll of identify {unknown}
 n - a scroll of brand weapon {unknown}
Potions
 f - a potion of haste
 j - a potion of attraction {unknown}
 k - 2 potions of cancellation {unknown}


   Skills:
 + Level 3.2 Fighting
 - Level 4.0 Short Blades
 - Level 2.6 Dodging
 - Level 7.2 Stealth


You had 3 spell levels left.
You didn't know any spells.
Your spell library was empty.

Dungeon Overview and Level Annotations

Branches:
Dungeon (6/15)
 Temple: D:4-7

Altars:
Gozag
Nemelex Xobeh


Innate Abilities, Weirdness & Mutations

You are very small and have problems with some larger weapons.
You are too small for most types of armour.
You have supernaturally acute eyesight. (SInv)
You cover ground extremely quickly. (Speed+++)


Message History

You hit the water moccasin but do no damage.
The water moccasin is severely wounded.
The water moccasin closely misses you.
You barely miss the water moccasin.
The water moccasin is severely wounded.
The water moccasin bites you but does no damage.
You closely miss the water moccasin.
The water moccasin is severely wounded.
The water moccasin closely misses you.
You barely miss the water moccasin.
The water moccasin is severely wounded.
The water moccasin barely misses you. The water moccasin closely misses you.
You hit the water moccasin.
The water moccasin is severely wounded.
The water moccasin bites you.
You closely miss the water moccasin.
The water moccasin is severely wounded.
The water moccasin barely misses you.
You miss the water moccasin.
The water moccasin is severely wounded.
The water moccasin bites you.
You closely miss the water moccasin.
The water moccasin is severely wounded.
The water moccasin bites you.
* * * LOW HITPOINT WARNING * * *
You are poisoned.
The water moccasin poisons you!
You hit the water moccasin.
The water moccasin is almost dead.
You feel sick. The water moccasin bites you!
* * * LOW HITPOINT WARNING * * *
You hit the water moccasin.
The water moccasin is almost dead.
You feel sick. The water moccasin bites you.
* * * LOW HITPOINT WARNING * * *
You feel sick.
You feel sick.
The water moccasin attacks as it pursues you!
The water moccasin bites you!
You die...

#.###***###
....,,,,..#
#.#######.#
.......##.#
#.####.##.########
#...........S....#
#....#.##.#.####.#
#.####.##.#.# #.#
>..,,.)##.#.# #@#
...*#..##.#.#
##S##
...,.#....#.#
#.#<#
,,,.###.###.#
##.## *,,#*
*#,,..# #.# *,*,*
*,,*### #.#
##,,####,* #.#
~####~~#### #.#
†~~~~~~~..######.#


You could see a water moccasin.

Vanquished Creatures
  5 adders
  9 orcs (D:5)
  5 giant cockroaches
  A goblin (D:4)
  A hobgoblin (D:4)
  A quokka (D:5)
  2 rats (D:5)
24 creatures vanquished.

Notes
Turn   | Place    | Note
-------+----------+-------------------------------------------
     0 | D:5      | GordonOverkill the Spriggan Delver began the quest for the
                  | Orb.
     0 | D:5      | Reached XP level 1. HP: 11/11 MP: 2/2
     2 | D:6      | Noticed a scorpion
     7 | D:6      | Noticed a jelly
    93 | D:5      | Identified the +5 pair of boots of Valour {Will+++ rCorr
                  | Str-5 Stlth+}
   147 | D:5      | Noticed an iguana
   215 | D:5      | Reached XP level 2. HP: 16/16 MP: 3/3
   264 | D:5      | Noticed a phantom
   267 | D:5      | Noticed an ice beast
   339 | D:5      | Noticed an ogre
   414 | D:4      | Reached XP level 3. HP: 11/20 MP: 4/4
   603 | D:5      | Found an opulent altar of Gozag.
   603 | D:5      | Found a sparkling altar of Nemelex Xobeh.
   899 | D:5      | Reached XP level 4. HP: 24/24 MP: 5/5
  1016 | D:5      | Noticed a water moccasin
  1089 | D:5      | Mangled by a water moccasin

Illustrated notes

Levels and vault maps discovered:
D:4:      layout_basic, mainiacjoe_overflow_divided_tiny, tso_metal_star,
          minmay_temple_entry_overgrown, minmay_misc_feat_ornament
D:5:      layout_loops_ring, grunt_temple_overflow_opulence,
          gup_sewer_entry_bubbles, dk_vineyard_3, uniq_prince_ribbit1
D:6:      layout_loops_ring, lemuel_doored_altar, uniq_eustachio

Skill      XL: |  1  2  3 |
---------------+----------+-----
Fighting       | 3 |  3.2
Short Blades   | 3 4 |  4.0
Dodging        | |  2.6
Stealth        | |  7.2

Action                     |  1- 3 |  4- 6 || total
---------------------------+-------+-------++-------
  Melee: Short sword       |   134 |    38 ||   172
  Evoke: Wand              |     2 |       ||     2
    Use: Scroll            |     1 |       ||     1
   Stab: Sleeping          |     3 |       ||     3
         Distracted        |     1 |     2 ||     3
 Armour: Robe              |    53 |    13 ||    66
  Dodge: Dodged            |   114 |    24 ||   138

Table legend: (Time is in decaauts)
 A = Elapsed time spent in this place.
 B = Non-inter-level travel time spent in this place.
 C = Inter-level travel time spent in this place.
 D = Time resting spent in this place.
 E = Time spent auto-exploring this place.
 F = Levels seen in this place.
 G = Mean time per level.
                   A        B        C        D        E       F      G
               +--------+--------+--------+--------+--------+-----+--------+
         Total |    799 |    799 |      0 |    126 |     48 |   3 |  266.3 |
       Dungeon |    799 |    799 |      0 |    126 |     48 |   3 |  266.3 |
               +--------+--------+--------+--------+--------+-----+--------+

Top non-repeatable levels by time:
     D:5: 596 daAuts
     D:4: 193 daAuts
     D:6: 10 daAuts
